 Dungeon Crawl Stone Soup version 0.21-a0-70-g32e1473 (webtiles) character file.

26 poirepourri the Sneak (level 2, 0/19 HPs)
             Began as a Spriggan Enchanter on June 18, 2017.
             Slain by a worm (3 damage)
             ... on level 1 of the Dungeon.
             The game lasted 00:02:29 (1586 turns).

poirepourri the Sneak (Spriggan Enchanter)          Turns: 1586, Time: 00:02:29

Health: 0/19       AC: 21    Str:  4    XL:     2   Next: 89%
Magic:  2/7        EV:  4    Int: 16    God:
Gold:   55         SH:  0    Dex: 16    Spells: 4/7 levels left

rFire    . . .     SeeInvis +   i - -1 short sword (curse)
rCold    . . .     Gourm    .   (shield restricted)
rNeg     + + +     Faith    .   (armour currently unavailable)
rPois    +         Spirit   .   (helmet currently unavailable)
rElec    .         Reflect  .   (cloak currently unavailable)
rCorr    .         Harm     .   (gloves unavailable)
MR       .....     NoTele   +   (boots unavailable)
Stlth    +++.......             (no amulet)
HPRegen  0.06/turn              (no ring)
MPRegen  0.10/turn              (no ring)

@: tree-form
A: unfitting armour, see invisible, herbivore 3, slow metabolism 2
a: no special abilities


You were on level 1 of the Dungeon.
You were not hungry.
You were a tree.
You visited 1 branch of the dungeon, and saw 2 of its levels.

You collected 55 gold pieces.

Inventory:

Hand Weapons
 a - a +1 dagger
 i - a cursed -1 short sword (weapon)
Armour
 b - a +0 robe (melded)
Potions
 g - a potion of resistance {unknown}
Books
 c - a book of Maledictions

   Spells                             Type                      Level
   a - Corona                         Hexes                        1
   b - Ensorcelled Hibernation        Hexes/Ice                    2
   c - Confuse                        Hexes                        3
   d - Tukima's Dance                 Hexes                        3
   e - Dazzling Spray                 Conjuration/Hexes            3
Comestibles
 d - a bread ration
 f - 3 royal jellies


   Skills:
 + Level 1.2 Short Blades
 + Level 3.3 Dodging
 + Level 4.6 Stealth
 + Level 3.1 Spellcasting
 + Level 4.2 Hexes
 + Level 0.1 Ice Magic


You had 4 spell levels left.
You knew the following spells:

 Your Spells              Type           Power        Failure   Level  Hunger
a - Corona                Hex            ###....      3%          1    None
b - Ensorcelled Hibernat  Hex/Ice        #.....       11%         2    ##.....


Dungeon Overview and Level Annotations

Branches:
Dungeon (2/15)

Altars:


Innate Abilities, Weirdness & Mutations

You are very small and have problems with some larger weapons.
You are too small for most types of armour.
You have supernaturally acute eyesight. (SInv)
You are a herbivore.
((You cover ground extremely quickly.))
You need consume almost no food.


Message History

You barely miss the worm.
The worm is severely wounded.
The worm bites you.
You hit the worm.
The worm is severely wounded.
The worm bites you!
Ouch! That really hurt!
* * * LOW HITPOINT WARNING * * *
You hit the worm but do no damage.
The worm is severely wounded.
You hit the worm.
The worm is severely wounded.
The worm misses you.
You hit the worm but do no damage.
The worm is severely wounded.
The worm misses you.
It was a potion of lignification.
You turn into a tree.
Your +0 robe melds into your body.
Your roots penetrate the ground.
The worm bites you.
You die...

##...## #...
##.....## #...
#.......# #...
#.......# #...
#.......# #...
##.....########...
##..........÷.....
#.....†.#######...
#♣w..)..## #...
#).......## ###.
##.....#..## #.
##...###..## #.
########..######
##.......(.(#
##............
#.............
#.............


You could see a worm.

Vanquished Creatures
  3 leopard geckos (D:1)
  5 bats (D:1)
  5 goblins (D:1)
  2 hobgoblins (D:1)
  2 kobolds (D:1)
  A frilled lizard (D:1)
  4 rats (D:1)
22 creatures vanquished.

Notes
Turn   | Place    | Note
-------+----------+-------------------------------------------
     0 | D:1      | poirepourri the Spriggan Enchanter began the quest for the Orb.
     0 | D:1      | Reached XP level 1. HP: 9/9 MP: 5/5
   766 | D:1      | Reached XP level 2. HP: 13/13 MP: 3/6
   792 | D:1      | Learned a level 2 spell: Ensorcelled Hibernation
  1586 | D:1      | Slain by a worm

Vault maps used:
D:1:      dpeg_arrival_tiny_i
D:2:      first_bread, uniq_robin, uniq_natasha

Skill      XL: |  1  2 |
---------------+-------+-----
Hexes          | 4 |  4.2
Spellcasting   | 3 |  3.1
Short Blades   | |  1.2
Dodging        | |  3.3
Stealth        | |  4.6
Ice Magic      | |  0.1

Action                   || total
-------------------------++-------
Melee: Dagger            ||    40
       Short sword       ||    43
 Cast: Corona            ||    12
       Ensorcelled Hiber ||    10
  Use: Scroll            ||     2
       Potion            ||     1
 Stab: Sleeping          ||     7
Armor: Robe              ||    15
Dodge: Dodged            ||    95
